 Dungeon Crawl Stone Soup version 0.27-a0-1555-g0e7b3fb1d2 (webtiles) character file.

Game seed: 17531255609798270923

93 SkiChan the Skirmisher (level 4, -3/41 HPs)
             Began as a Minotaur Fighter on July 14, 2021.
             Slain by Sigmund (6 damage)
             ... on level 3 of the Dungeon.
             The game lasted 00:01:01 (1347 turns).

SkiChan the Skirmisher (Minotaur Fighter)           Turns: 1347, Time: 00:01:02

Health: -3/41      AC:  7    Str: 22    XL:     4   Next: 36%
Magic:  3/3        EV:  7    Int:  5    God:
Gold:   57         SH:  9    Dex:  9    Spells: 3/3 levels left

rFire    . . .     SeeInvis .   a - +0 war axe
rCold    . . .     Faith    .   c - +0 kite shield
rNeg     . . .     Spirit   .   b - +0 scale mail
rPois    .         Reflect  .   (helmet restricted)
rElec    .         Harm     .   (no cloak)
rCorr    .         Rampage  .   (no gloves)
Will     .....                  (no boots)
Stlth    ..........             (no amulet)
HPRegen  0.13/turn              (no ring)
MPRegen  0.08/turn              (no ring)

@: no status effects
A: horns 2, retaliatory headbutt
a: no special abilities


You were on level 3 of the Dungeon.
You visited 1 branch of the dungeon, and saw 3 of its levels.

You collected 57 gold pieces.

Inventory:

Hand Weapons
 a - a +0 war axe (weapon)
Armour
 b - a +0 scale mail (worn)
 c - a +0 kite shield (worn)
Scrolls
 f - a scroll of magic mapping {unknown}
 g - a scroll of brand weapon {unknown}
 h - a scroll of fog {unknown}
Potions
 d - a potion of might
 e - a potion of degeneration {unknown}
 i - a potion of curing {unknown}
 j - a potion of lignification {unknown}


   Skills:
 * Level 4.5 Fighting
 * Level 3.6(3.9) Axes
 + Level 1.5(2.8) Maces & Flails
 + Level 4.0 Armour
 + Level 4.1 Shields


You had 3 spell levels left.
You didn't know any spells.
Your spell library was empty.

Dungeon Overview and Level Annotations

Branches:
Dungeon (3/15)

Altars:

Annotations:
D:3 Sigmund


Innate Abilities, Weirdness & Mutations

You have a pair of horns on your head.
You reflexively headbutt those who attack you in melee.


Message History

No target in view!
No target in view!
No target in view!
No target in view!
No target in view!
No target in view!
No target in view!
No target in view!
No target in view!
No target in view!
No target in view!
No target in view!
No target in view!
No target in view!
Unknown command.
No target in view!
You hear some strange, mumbled words.
A magic dart appears from out of thin air!
The magic dart hits you.
Things that are here:
a +0 dagger; a goblin corpse You completely miss something.
You headbutt something! Something hits you.
You barely miss something.
You hear some strange, mumbled words.
A puff of flame appears from out of thin air!
The puff of flame hits you! Something hits you but does no damage.
You miss something. Your headbutt misses something.
You hear some strange, mumbled words.
A puff of flame appears from out of thin air!
The puff of flame hits you!
* * * LOW HITPOINT WARNING * * *
You miss something. Something hits you.
* * * LOW HITPOINT WARNING * * *
You hear some strange, mumbled words.
A magic dart appears from out of thin air!
The magic dart hits you.
* * * LOW HITPOINT WARNING * * *
You hit something but do no damage. You block something's attack.
You miss something. You block something's attack. Something hits you.
You die...

#..#. #..#. .# #..≈###
.... #...≈≈ ≈≈
..#.###...≈ ≈≈≈
.........≈###≈≈≈≈
........{#...#≈≈# ..
....$..@#.⌠.#..#.⌠.
###....†#...#..#..
#.#.†..###....##
#.....$.........
...#..#.#..#...#
.......).......## )
.#...#..###.....##....
.......## #...<....#
.#..... #....###.#


There were no monsters in sight!

Vanquished Creatures
  5 adders (D:2)
  2 dart slugs
  A ball python (D:3)
  4 bats
  4 endoplasms
  2 giant cockroaches
  4 goblins
  3 hobgoblins
  6 jackals (D:1)
  5 kobolds
  A frilled lizard (D:1)
  5 rats
42 creatures vanquished.

Notes
Turn   | Place    | Note
-------+----------+-------------------------------------------
     0 | D:1      | SkiChan the Minotaur Fighter began the quest for the Orb.
     0 | D:1      | Reached XP level 1. HP: 19/19 MP: 0/0
   271 | D:1      | Reached XP level 2. HP: 27/27 MP: 1/1
   452 | D:1      | You fall into a shaft and drop 1 floor!
   459 | D:2      | Reached skill level 1 in Maces & Flails
   459 | D:2      | Reached XP level 3. HP: 32/33 MP: 2/2
   811 | D:2      | Reached XP level 4. HP: 33/41 MP: 3/3
  1334 | D:3      | Noticed Sigmund
  1347 | D:3      | Slain by Sigmund

Illustrated notes

Levels and vault maps discovered:
D:1:      dpeg_arrival_tiny_a, layout_basic,
          shapermc_ecumenical_altar_hornbeckon, serial_shops,
          nicolae_shop_crystal, roderic_roman_lattice
D:2:      layout_loops_ring
D:3:      lemuel_castle_with_subvaults [lemuel_castle_interior_carwin_3],
          layout_rooms, fountainhead, minmay_misc_feat_rugged,
          uniq_crazy_yiuf_cottage, uniq_ijyb, uniq_sigmund

Skill      XL: |  1  2  3 |
---------------+----------+-----
Axes           | 3 |  3.6
Fighting       | 4 |  4.5
Maces & Flails | 1 |  1.5
Shields        | 4 |  4.1
Armour         | 4 |  4.0

Action                   |  1- 3 |  4- 6 || total
-------------------------+-------+-------++-------
Melee: War axe           |    72 |    40 ||   112
       Headbutt          |     8 |     6 ||    14
Armor: Scale mail        |    43 |    16 ||    59
Dodge: Dodged            |    21 |    13 ||    34
Block: Kite shield       |    39 |    22 ||    61

Table legend: (Time is in decaauts)
 A = Elapsed time spent in this place.
 B = Non-inter-level travel time spent in this place.
 C = Inter-level travel time spent in this place.
 D = Time resting spent in this place.
 E = Time spent auto-exploring this place.
 F = Levels seen in this place.
 G = Mean time per level.
                   A        B        C        D        E       F      G
               +--------+--------+--------+--------+--------+-----+--------+
         Total |   1408 |   1375 |     33 |      0 |   1120 |   3 |  469.3 |
       Dungeon |   1408 |   1375 |     33 |      0 |   1120 |   3 |  469.3 |
               +--------+--------+--------+--------+--------+-----+--------+

Top non-repeatable levels by time:
     D:2: 888 daAuts
     D:1: 478 daAuts
     D:3: 42 daAuts
